AoeStats
← Dis

Arabia

510734347Analyzed
4v4 RM · 21h ago on Oct 2, 2026· 22m 25s· 8 players
Game mode
Random Map
Map size
Large (8 player)
Population
200
Speed
Normal
Resources
Standard
Victory
Conquest
Starting age
Dark Age
Ending age
Imperial Age
RankedLock teamsTeams togetherTeam positionsShared explorationLock speedFull tech treeHidden civsTurbo modeCheats
Victory
Defeat
🇪🇸 Khmer · Spain
1392
+14
🇦🇺 Muisca · Australia
1359
+16
🇷🇺 Ethiopians · Russia
1345
+16
🇷🇺 Magyars · Russia
1236
+20
🇨🇳 Berbers · China
1383
-18
🇹🇷 Mongols · Türkiye
1343
-16
🇨🇳 Italians · China
1335
-16
🇨🇳 Britons · China
1331
-16
棒总
6:38 Loom
11:12 Feudal Age
14:52 Castle Age
13:03 Double-Bit Axe
13:47 Padded Archer Armor
13:41 Gold Mining
13:58 Horse Collar
网恋被骗50块
2:54 Loom
9:25 Feudal Age
10:20 Double-Bit Axe
13:30 Wheelbarrow
20:06 Bloodlines
20:58 Scale Barding Armor
717504720
6:29 Loom
8:39 Feudal Age
9:51 Double-Bit Axe
Exellence
4:00 Loom
11:12 Feudal Age
12:56 Double-Bit Axe
16:02 Castle Age
14:09 Gold Mining
14:56 Fletching
16:16 Horse Collar
19:06 Bow Saw
21:28 Bodkin Arrow
23:01 Ballistics
Aspirante
6:35 Loom
9:04 Feudal Age
9:34 Horse Collar
14:57 Forging
16:51 Scale Barding Armor
22:04 Castle Age
20:35 Bloodlines
21:52 Gold Mining
21:59 Double-Bit Axe
22:46 Husbandry
Fantom7
11:11 Feudal Age
12:49 Double-Bit Axe
16:33 Horse Collar
17:11 Scale Barding Armor
18:50 Bloodlines
21:22 Wheelbarrow
Dis
6:17 Loom
9:19 Feudal Age
10:00 Double-Bit Axe
13:19 Fletching
16:36 Horse Collar
21:01 Castle Age
19:35 Padded Archer Armor
20:11 Gold Mining
21:12 Crossbowman
22:29 Bodkin Arrow
A2PL Okr010
6:03 Loom
7:07 Loom
9:06 Feudal Age
10:14 Double-Bit Axe
12:26 Fletching
15:25 Padded Archer Armor
19:12 Wheelbarrow
23:41 Castle Age
Connection lost

Rejoining the realm…

Still unreachable

The connection could not be restored.

Session expired

The server has moved on; the page needs a fresh start.